 Dungeon Crawl Stone Soup version 0.23-a0-844-gdc03e01 (webtiles) character file.

263 Atlas the Grave Robber (level 5, -1/37 HPs)
             Began as a Mummy Necromancer on Jan 27, 2019.
             Slain by Grinder (4 damage)
             ... on level 2 of the Dungeon.
             The game lasted 00:05:28 (3906 turns).

Atlas the Grave Robber (Mummy Necromancer)          Turns: 3906, Time: 00:05:28

Health: -1/37      AC:  7    Str: 11    XL:     5   Next: 98%
Magic:  21/21      EV: 11    Int: 15    God:
Gold:   128        SH:  0    Dex: 13    Spells: 9/13 levels left

rFire    . . .     SeeInvis .   l - +0 quarterstaff
rCold    . . .     Gourm    .   (shield currently unavailable)
rNeg     + + +     Faith    .   j - +0 ring mail
rPois    ∞         Spirit   .   (no helmet)
rElec    .         Reflect  .   i - +1 cloak
rCorr    .         Harm     .   (no gloves)
MR       .....                  (no boots)
Stlth    +.........             (no amulet)
HPRegen  0.12/turn              h - ring of magical power
MPRegen  0.17/turn              a - ring of fire

@: no status effects
A: no food or potions, fire vulnerability, cold resistance 1, negative energy
resistance 3, torment resistance, unbreathing
a: no special abilities


You were on level 2 of the Dungeon.
You were not hungry.

You visited 1 branch of the dungeon, and saw 3 of its levels.

You collected 128 gold pieces.

Inventory:

Hand Weapons
 l - a +0 quarterstaff (weapon)
Armour
 i - a +1 cloak (worn)
 j - a +0 ring mail (worn)
Jewellery
 a - a ring of fire (right hand)
 h - a ring of magical power (left hand)
 k - an uncursed ring of see invisible
Scrolls
 b - 6 scrolls of identify {unknown}
 c - a scroll of immolation {unknown}
 d - 2 scrolls of magic mapping {unknown}
 e - 4 scrolls of teleportation {unknown}
 f - a scroll of random uselessness {unknown}
 g - 2 scrolls of remove curse {unknown}
 m - a scroll of enchant weapon {unknown}
 n - a scroll of fog {unknown}


   Skills:
 + Level 1.0 Fighting
 + Level 0.8 Armour
 + Level 2.0 Dodging
 + Level 2.1 Stealth
 + Level 0.5 Unarmed Combat
 + Level 4.8 Spellcasting
 + Level 5.4 Necromancy


You had 9 spell levels left.
You knew the following spells:

 Your Spells              Type           Power        Failure   Level  Hunger
a - Pain                  Necr           ###.         4%          1    N/A
c - Vampiric Draining     Necr           ###.......   13%         3    N/A

Your spell library contained the following spells:

 Spells                   Type           Power        Failure   Level  Hunger
 Animate Skeleton         Necr           N/A          4%          1    N/A
 Animate Dead             Necr           N/A          38%         4    N/A
 Regeneration             Chrm/Necr      Unusable     N/A         3    N/A

Dungeon Overview and Level Annotations

Branches:
Dungeon (3/15)

Altars:
Hepliaklqana

Annotations:
D:2 Grinder


Innate Abilities, Weirdness & Mutations

You do not eat or drink.
Your flesh is vulnerable to fire.
You are immune to poison.
Your flesh is cold resistant. (rC+)
You are immune to negative energy. (rN+++)
You are immune to unholy pain and torment.
You can survive without breathing.


Message History

You can move again.
There is a stone staircase leading up here.
Unknown command.
Unknown command.
You hit Grinder but do no damage.
Grinder is almost dead.
Grinder blinks!
Grinder hits you but does no damage.
You barely miss Grinder.
Grinder is almost dead.
Grinder blinks!
Grinder gestures at you. You resist with some effort.
Grinder blinks!
Grinder hits you.
* * * LOW HITPOINT WARNING * * *
You hit Grinder.
Grinder is almost dead.
Grinder hits you.
You die...

###....+...%.####.####.#
#.###.
.......#.###...........#####.#
##
..(....+..5..#...............#
.......#.÷.#.#.###############
########...#.#.#.....# ######
#.#5#.#.#.###.# #.....
#.....#<..###'#### #.####
##########..##.5........# #.#
......).....##..@.......####.#
###########..#..........'....#
##.#..........######
#............# ##...........#
#...........# #..##########
#.># ####


You could see Grinder.

Vanquished Creatures
  Crazy Yiuf (D:2)
  An orc wizard (D:3)
  Jessica (D:3)
  A bullfrog skeleton (D:3)
  3 gnolls (D:3)
  3 adders
  2 oozes (D:3)
  4 worms (D:2)
  3 dart slugs
  4 leopard geckos
  4 orcs (D:3)
  A ball python (D:3)
  4 bats
  5 giant cockroaches
  6 goblins
  4 hobgoblins
  3 jackals (D:1)
  8 kobolds
  5 frilled lizards
  9 rats
  A fungus (D:2)
73 creatures vanquished.

Notes
Turn   | Place    | Note
-------+----------+-------------------------------------------
     0 | D:1      | Atlas the Mummy Necromancer began the quest for the Orb.
     0 | D:1      | Reached XP level 1. HP: 13/13 MP: 4/4
     3 | D:1      | Noticed an electric eel
     3 | D:1      | Noticed an electric eel
   207 | D:1      | Reached XP level 2. HP: 19/19 MP: 1/5
   876 | D:1      | Reached XP level 3. HP: 24/24 MP: 4/7
  1083 | D:2      | Learned a level 3 spell: Vampiric Draining
  1087 | D:2      | Found a hazy altar of Hepliaklqana.
  1584 | D:2      | Found a faded altar of an unknown god.
  1952 | D:2      | Reached XP level 4. HP: 22/31 MP: 6/9
  2359 | D:2      | Found a runed door.
  2363 | D:2      | Noticed Crazy Yiuf
  2368 | D:2      | Killed Crazy Yiuf
  2368 | D:2      | Reached skill level 5 in Necromancy
  2819 | D:3      | Reached skill level 1 in Fighting
  2918 | D:3      | Noticed Jessica
  2930 | D:3      | Reached XP level 5. HP: 23/37 MP: 9/11
  2937 | D:3      | Killed Jessica
  3234 | D:3      | Noticed Grinder
  3879 | D:2      | Paralysed by Grinder for 5 turns
  3895 | D:2      | Paralysed by Grinder for 3 turns
  3906 | D:2      | Slain by Grinder

Vault maps used:
D:1:      arrival_aquarium_b, columned_hall_lemuel
D:2:      old_standard_altar, chequers_ecumenical_altar_grove,
          uniq_crazy_yiuf_cottage
D:3:      first_ration, uniq_grinder, uniq_jessica

Skill      XL: |  1  2  3  4  5 |
---------------+----------------+-----
Spellcasting   | 3 4 |  4.8
Stealth        | 2 |  2.1
Necromancy     | 5 |  5.4
Fighting       | 1 |  1.0
Dodging        | 2 |  2.0
Armour         | |  0.8
Unarmed Combat | |  0.5

Action                   |  1- 3 |  4- 6 || total
-------------------------+-------+-------++-------
Melee: Unarmed           |    16 |    52 ||    68
       Quarterstaff      |       |    34 ||    34
 Cast: Pain              |    88 |    78 ||   166
       Vampiric Draining |     1 |     5 ||     6
Armor: Robe              |     4 |     5 ||     9
       Ring mail         |       |    27 ||    27
Dodge: Dodged            |    21 |    50 ||    71

Table legend:
 A = Non-vault XP
 B = Vault XP
 C = Vault XP percentage of total XP
 D = Non-vault monster count
 E = Vault monster count
 F = Vault count percentage of total count
                 A         B        C        D         E       F
            +---------+---------+-------+---------+---------+-------
      Total |     300 |      77 |  20.4 |      70 |       2 |   2.8
            +---------+---------+-------+---------+---------+-------
        D:1 |      42 |       0 |   0.0 |      21 |       0 |   0.0
        D:2 |      64 |      40 |  38.5 |      22 |       1 |   4.3
        D:3 |     194 |      37 |  16.0 |      27 |       1 |   3.6
            +---------+---------+-------+---------+---------+-------
